 Dungeon Crawl Stone Soup version 0.32-a0-128-g77eb882913 (webtiles) character file.

Game seed: 13868606281341358485

29890 ninjaread99 the Destroyer (level 13, 0/86 HPs)
             Began as a Yellow Draconian Conjurer on Feb 5, 2024.
             Was a High Priest of Vehumet.
             Killed by divine providence
             ... invoked by an orc high priest
              (14 damage)
             ... on level 2 of the Orcish Mines on Feb 7, 2024.
             The game lasted 01:34:36 (33556 turns).

ninjaread99 the Destroyer (DrCj)                   Turns: 33556, Time: 01:34:39

Health: 0/86       AC: 11    Str:  9    XL:     13   Next: 17%
Magic:  11/27      EV: 21    Int: 22    God:    Vehumet [*****.]
Gold:   1267       SH:  0    Dex: 11    Spells: 14/33 levels left

rFire   . . .        (no weapon)
rCold   . . .        (no shield)
rNeg    + . .        (body armour unavailable)
rPois   +            (helmet restricted)
rElec   .            n - +2 ratskin cloak {*Rats rPois rN+ Str-1 Int-1 Dex+1}
rCorr   +            (no gloves)
SInv    .            (no boots)
Will    +....        j - amulet of regeneration
Stlth   +++++        A - +5 ring of evasion
HPRegen 1.14/turn    x - ring of willpower
MPRegen 0.20/turn

%: no passive effects
@: no status effects
A: spit acid, AC +8, unfitting armour, cold-blooded, acid resistance
a: Breathe Acid, Renounce Religion


You were on level 2 of the Orcish Mines.
You worshipped Vehumet.
Vehumet was extremely pleased with you.
You visited 4 branches of the dungeon, and saw 18 of its levels.

You collected 1343 gold pieces.
You spent 76 gold pieces at shops.

Inventory:

Armour
 n - the +2 ratskin cloak (worn) {*Rats rPois rN+ Str-1 Int-1 Dex+1}
   (You found it on level 6 of the Dungeon)

   *Rats:     When the wearer is hurt, rats may emerge from it to assist them.
   Str-1:     It affects your strength (-1).
   Int-1:     It affects your intelligence (-1).
   Dex+1:     It affects your dexterity (+1).
   rPois:     It protects you from poison rN+: It protects you from negative
   energy.
Jewellery
 j - an amulet of regeneration (around neck)
 o - a +6 ring of dexterity
 x - a ring of willpower (right hand)
 A - a +5 ring of evasion (left hand)
 B - a +6 ring of dexterity
 C - a ring of willpower
 J - a ring of poison resistance
 K - a ring of protection from cold
Wands
 m - a wand of flame (45)
 G - a wand of iceblast (7)
 H - a wand of charming (13)
Scrolls
 b - 2 scrolls of enchant weapon
 h - 2 scrolls of fear
 l - 2 scrolls of teleportation
 q - 4 scrolls of enchant armour
 r - 2 scrolls of vulnerability
 t - a scroll of amnesia
 v - 2 scrolls of poison
 w - a scroll of revelation
 y - 2 scrolls of immolation
 z - 3 scrolls of fog
 E - 3 scrolls of identify
 I - a scroll of brand weapon
Potions
 a - 4 potions of haste
 c - 2 potions of brilliance
 d - a potion of invisibility
 e - 7 potions of curing
 f - 2 potions of degeneration
 g - 2 potions of enlightenment {unknown}
 i - a potion of heal wounds
 k - 2 potions of attraction {unknown}
 p - 2 potions of ambrosia {unknown}
 s - a potion of magic
 u - a potion of resistance
 D - 4 potions of might
Miscellaneous
 F - a box of beasts


   Skills:
 + Level 10.7 Dodging
 + Level 11.6 Stealth
 + Level 10.7 Spellcasting
 + Level 12.1 Conjurations


You had 14 spell levels left.
You knew the following spells:

 Your Spells              Type           Power      Damage    Failure   Level
a - Magic Dart            Conj           100%       1d8       1%          1
b - Searing Ray           Conj           100%       2d8       1%          2
c - Fulminant Prism       Conj/Alch      19%        3d11      1%          4
d - Mercury Vapours       Alch/Air       22%        N/A       2%          2
e - Arcjolt               Conj/Air       19%        1d29      3%          5
f - Irradiate             Conj/Alch      19%        3d18      3%          5

Your spell library contained the following spells:

 Spells                   Type           Power      Damage    Failure   Level
 Ozocubu's Refrigeration  Ice            5%         4d8       100%        7
 Kiss of Death            Conj/Necr      100%       2d13      1%          1
 Dazzling Flash           Conj/Hex       76%        N/A       1%          3
 Mephitic Cloud           Conj/Alch/Air  29%        N/A       1%          3
 Iskenderun's Mystic Bla  Conj/Tloc      38%        2d9       1%          4
 Apportation              Tloc           22%        N/A       5%          1
 Cigotuvi's Dreadful Rot  Necr/Alch/Air  22%        N/A       9%          2
 Jinxbite                 Hex            22%        N/A       9%          2
 Sublimation of Blood     Necr           11%        N/A       9%          2
 Sticky Flame             Fire/Alch      11%        2d5       16%         4
 Fugue of the Fallen      Necr           11%        N/A       17%         3
 Ozocubu's Armour         Ice            11%        N/A       17%         3
 Dispel Undead            Necr           11%        3d9       50%         4
 Manifold Assault         Tloc           11%        N/A       50%         4
 Martyr's Knell           Necr/Summ      11%        N/A       50%         4
 Summon Lightning Spire   Summ/Air       11%        N/A       50%         4
 Vhi's Electric Charge    Tloc/Air       22%        N/A       50%         4
 Alistair's Intoxication  Alch           7%         N/A       83%         5
 Curse of Agony           Necr           11%        N/A       83%         5
 Silence                  Hex/Air        5%         N/A       83%         5
 Plasma Beam              Fire/Air       5%         2x1d16    88%         6
 Death Channel            Necr           5%         N/A       100%        6
 Death's Door             Necr           5%         N/A       100%        9


Dungeon Overview and Level Annotations

Branches:
Dungeon (13/15)            Temple (1/1) D:6            Lair (2/5) D:11
    Orc (2/2) D:11            Elf (0/3) Orc:2
  Swamp: Lair:2-3    Shoals: Lair:2-3     Snake: Lair:2-3    Spider: Lair:2-3
 Vaults: D:13-14

Altars:
Ashenzari
Cheibriados
Dithmenos
Elyvilon
Fedhas
Gozag
Hepliaklqana
Kikubaaqudgha
Makhleb
Nemelex Xobeh
Okawaru
Qazlal
Ru
Sif Muna
Trog
Uskayaw
Vehumet
Wu Jian
Xom
Yredelemnul
Zin
The Shining One

Shops:
D:11 *   Orc:1 (   Orc:2 :

Annotations:
D:6 2 transporters, knightboat's ghost, novice DsGl
Lair:1 1 runed translucent door


Innate Abilities, Weirdness & Mutations

You can spit globs of acid.
Your golden yellow scales are hard. (AC +8)
You cannot fit into any form of body armour.
You are cold-blooded and may be slowed by cold attacks.
You are resistant to acid. (rCorr)


Message History

The warg is lightly wounded.
The warg bites you but does no damage. The orc warlord completely misses you.
A troll comes into view.
The searing ray hits the warg.
The warg is moderately wounded.
The searing ray hits the orc warlord but does no damage.
The orc warlord is lightly wounded.
The searing ray hits the warg!
The warg is heavily wounded.
The searing ray hits the orc!
You kill the orc!
Vehumet accepts your kill. The warg completely misses you.
The orc warlord hits you from afar with a +0 glaive!
The warg barely misses you.
The searing ray hits the warg.
The warg is heavily wounded.
The searing ray hits the orc warlord!
The orc warlord is lightly wounded.
The searing ray hits the warg.
The warg is heavily wounded.
You finish channelling your searing ray.
The warg barely misses you.
The orc warlord hits you from afar with a +0 glaive!!
* * * LOW HITPOINT WARNING * * *
The troll shouts!
As you read the scroll of teleportation, it crumbles to dust.
You feel strangely unstable. The warg completely misses you.
The orc warlord completely misses you. The warg barely misses you.
The orc warlord roars a battlecry!
The warg misses you. The warg attacks as it pursues you! The warg bites you!
* * * LOW HITPOINT WARNING * * *
Your surroundings suddenly seem different. 9 orcs come into view.
An orc high priest is wielding a +1 antimagic morningstar.
Found Keil's Book Shoppe.
The orc high priest mumbles some strange prayers to Beogh against you.
Beogh smites you!
You die...

##.## #....#...##o## ###
###########h## ####
#####...[).. ##...#
##.......ß.ß. ##.....##
#............)
#...o...##......##......
.oo.....o.....###.......
....∩..o....## .....ß.ß[
...oooo@..# .....)....
#.......### ..........
##.....## ......#...#
##...# ####


You could see an orc high priest, 2 orc warriors, 2 orc priests, an orc wizard
(wandering) and 3 orcs.

Vanquished Creatures
  Erica (D:9)
  An ogre mage (Orc:2)
  3 two-headed ogres
  Amaemon (Lair:1)
  A deep elf pyromancer (D:12)
  A manticore (D:12)
  3 orc sorcerers (Orc:2)
  An ugly thing (D:11)
  A cyclops (D:7)
  2 kobold blastminers
  An orange demon (Lair:1)
  Maggie (D:9)
  3 cane toads (Lair:1)
  2 komodo dragons
  Psyche (D:9)
  4 trolls
  A hornet (D:9)
  Grinder (D:6)
  4 slime creatures (D:11)
  36 yaks
  A basilisk (D:11)
  4 vampire mosquitoes (D:12)
  Grum (D:9)
  Menkaure (D:4)
  4 wargs
  3 acid dragons
  A water moccasin (Lair:1)
  A black bear (Lair:1)
  2 sky beasts
  28 orc warriors
  An ice beast (D:7)
  13 ogres
  15 wolves
  4 centaurs
  A phantom (D:6)
  3 kobold brigands
  10 bullfrogs
  2 gnoll sergeants
  A scorpion (D:5)
  19 wights
  14 killer bees
  2 electric eels (Lair:1)
  3 howler monkeys
  2 bombardier beetles
  2 jellies
  17 orc priests
  2 sleepcaps (D:7)
  2 hounds (D:4)
  A gnoll bouda (D:6)
  Ijyb (D:3)
  6 iguanas
  15 orc wizards
  Natasha (thrice) (D:2)
  4 hell rats (D:6)
  Robin (D:2)
  14 gnolls
  19 river rats (D:6)
  12 adders
  4 white imps
  3 ufetubi
  3 ribbon worms
  4 dart slugs
  77 orcs
  5 bats
  6 endoplasms
  4 giant cockroaches
  8 hobgoblins
  4 jackals (D:1)
  4 quokkas
  7 ball pythons
  3 frilled lizards
  16 goblins
  21 kobolds
  3 rats
  A butterfly (Lair:1)
477 creatures vanquished.

Vanquished Creatures (collateral kills)
  An ugly thing (D:11)
  A slime creature (D:11)
  2 wraiths (D:11)
  A yak (D:11)
  An orc warrior (Orc:2)
  2 ogres (Orc:2)
  2 wights (D:7)
  A killer bee (D:6)
  An orc (Orc:2)
12 creatures vanquished.

Vanquished Creatures (others)
  100 fulminant prisms
100 creatures vanquished.

Grand Total: 589 creatures vanquished

Notes
Turn   | Place    | Note
-------+----------+-------------------------------------------
     0 | D:1      | ninjaread99 the Draconian Conjurer began the quest for the
                  | Orb.
     0 | D:1      | Reached XP level 1. HP: 14/14 MP: 3/3
   191 | D:1      | Reached XP level 2. HP: 4/20 MP: 0/5
   275 | D:1      | Learned a level 2 spell: Searing Ray
  1219 | D:1      | Reached XP level 3. HP: 26/26 MP: 2/6
  1561 | D:2      | Noticed Robin
  2434 | D:2      | Killed Robin
  2495 | D:2      | Reached XP level 4. HP: 33/33 MP: 3/7
  2931 | D:2      | Identified the +7 sling of Zofodoam {flame, MP-9 Int+4}
  3297 | D:2      | Noticed Natasha
  3303 | D:2      | Killed Natasha
  3378 | D:2      | You fall into a shaft and drop 1 floor!
  3579 | D:3      | Found a faded altar of an unknown god.
  3622 | D:3      | Noticed Ijyb
  3759 | D:3      | Reached XP level 5. HP: 38/38 MP: 1/9
  4652 | D:3      | Found a white marble altar of Elyvilon.
  4795 | D:2      | Noticed Natasha
  4799 | D:2      | Killed Natasha
  4800 | D:2      | Reached skill level 5 in Conjurations
  4871 | D:2      | Noticed Natasha
  4905 | D:2      | Killed Natasha
  5154 | D:3      | Found a glowing silver altar of Zin.
  5549 | D:4      | Noticed Menkaure
  5555 | D:4      | Killed Menkaure
  5556 | D:4      | Reached XP level 6. HP: 45/45 MP: 1/11
  5865 | D:4      | Your scales start taking on a golden yellow colour.
  5865 | D:4      | Reached XP level 7. HP: 49/50 MP: 2/12
  5865 | D:4      | Gained mutation: You are resistant to acid. (rCorr) [Yellow
                  | Draconian growth]
  6991 | D:5      | Entered Level 5 of the Dungeon
  7825 | D:5      | Got the Atlas of the Catalyst and Voltage
  7840 | D:5      | Reached skill level 6 in Conjurations
  8061 | D:5      | Reached XP level 8. HP: 57/57 MP: 7/14
  8351 | D:6      | Found a staircase to the Ecumenical Temple.
  8359 | Temple   | Entered the Ecumenical Temple
  8445 | Temple   | Became a worshipper of Vehumet
  9975 | D:6      | Found a transporter.
 10005 | D:6      | Reached skill level 5 in Stealth
 10127 | D:6      | Reached skill level 5 in Spellcasting
 10180 | D:6      | Reached skill level 5 in Dodging
 10507 | D:6      | Noticed Grinder
 10523 | D:6      | Killed Grinder
 10524 | D:6      | Reached skill level 7 in Conjurations
 10764 | D:6      | Reached XP level 9. HP: 62/62 MP: 10/17
 10816 | D:6      | Learned a level 4 spell: Fulminant Prism
 10819 | D:6      | Learned a level 2 spell: Mercury Vapours
 10949 | D:6      | Identified the ring "Luoffy" {rC+++ rCorr EV+5 Str-4 Dex+7}
 11000 | D:6      | Identified the +0 ring mail "Voqequm" {rElec}
 11108 | D:6      | Found a transporter.
 11108 | D:6      | Noticed knightboat's ghost (novice DsGl)
 11397 | D:6      | Reached * piety under Vehumet
 11397 | D:6      | Offered knowledge of Sandblast by Vehumet.
 12087 | D:6      | Found the +2 ratskin cloak {*Rats rPois rN+ Str-1 Int-1
                  | Dex+1}
 12232 | D:7      | Noticed a cyclops
 12941 | D:6      | Offered knowledge of Momentum Strike by Vehumet.
 12992 | D:7      | Reached ** piety under Vehumet
 13268 | D:7      | Reached skill level 8 in Conjurations
 14183 | D:7      | Got the Compilation of Iniquitous Liturgies
 14233 | D:7      | Identified the +0 buckler "Vuoloeh" {Rampage rF+ Will-
                  | Str+3}
 15201 | D:6      | Reached XP level 10. HP: 58/69 MP: 13/20
 15776 | D:8      | Identified the +4 pair of gloves of Hedging {rCorr MP+9}
 16518 | D:9      | Noticed Erica
 16629 | D:8      | Offered knowledge of Hailstorm by Vehumet.
 16730 | D:9      | Reached skill level 9 in Conjurations
 16832 | D:9      | Noticed Grum
 16845 | D:9      | Killed Grum
 16905 | D:9      | Upgraded the game from 0.32-a0-86-g8db1b9f803 to
                  | 0.32-a0-119-g2e8054a333
 16954 | D:9      | Killed Erica
 16954 | D:9      | Reached *** piety under Vehumet
 17017 | D:9      | Noticed Maggie
 17163 | D:9      | Found a shimmering altar of Xom.
 17323 | D:9      | Killed Maggie
 17789 | D:9      | Noticed a two-headed ogre
 17807 | D:9      | Noticed Psyche
 17815 | D:9      | Killed a two-headed ogre
 17815 | D:9      | Killed Psyche
 17816 | D:9      | Reached XP level 11. HP: 65/74 MP: 6/23
 18184 | D:10     | Entered Level 10 of the Dungeon
 18335 | D:10     | Offered knowledge of Volatile Blastmotes by Vehumet.
 19080 | D:10     | Noticed a two-headed ogre
 19089 | D:10     | Killed a two-headed ogre
 19090 | D:10     | Reached skill level 10 in Conjurations
 19836 | D:11     | Found Nuaclu's Assorted Antiques.
 19846 | D:11     | Bought a scroll of identify for 38 gold pieces
 19846 | D:11     | Bought a scroll of identify for 38 gold pieces
 20107 | D:11     | Found a staircase to the Lair.
 20464 | D:11     | Reached **** piety under Vehumet
 20467 | D:11     | Offered knowledge of Ignite Poison by Vehumet.
 20693 | D:11     | Found a staircase to the Orcish Mines.
 21001 | D:11     | Noticed a green ugly thing
 21009 | D:11     | Killed a green ugly thing
 22025 | Lair:1   | Entered Level 1 of the Lair of Beasts
 22321 | D:12     | Noticed a boulder beetle
 22321 | D:12     | Noticed a brown ugly thing
 22760 | Lair:1   | Reached skill level 10 in Stealth
 23096 | Lair:1   | Reached XP level 12. HP: 45/81 MP: 15/25
 23216 | Lair:1   | Noticed Amaemon
 23249 | Lair:1   | Killed Amaemon
 23644 | Lair:1   | Upgraded the game from 0.32-a0-119-g2e8054a333 to
                  | 0.32-a0-120-gfac0567ad4
 23654 | Lair:1   | Reached skill level 11 in Conjurations
 24377 | Lair:1   | Found a runed translucent door.
 24612 | Lair:2   | Noticed a seven-headed hydra
 24737 | Orc:1    | Entered Level 1 of the Orcish Mines
 24754 | Orc:1    | Reached ***** piety under Vehumet
 25133 | Orc:1    | Offered knowledge of Starburst by Vehumet.
 25143 | Orc:1    | Learned a level 5 spell: Arcjolt
 26697 | D:3      | Killed Ijyb
 27733 | D:11     | Reached skill level 10 in Dodging
 27733 | D:11     | Reached skill level 10 in Spellcasting
 28275 | D:12     | Found a shimmering altar of Xom.
 29810 | Orc:1    | Learned a level 5 spell: Irradiate
 29852 | Orc:1    | Found Koaporam's Weapon Boutique.
 29906 | Orc:2    | Entered Level 2 of the Orcish Mines
 30467 | Orc:2    | Noticed a two-headed ogre
 30486 | Orc:2    | Killed a two-headed ogre
 31835 | Orc:2    | Reached XP level 13. HP: 75/86 MP: 21/27
 31878 | Orc:2    | Reached skill level 12 in Conjurations
 32213 | Orc:2    | Noticed an orc warlord
 32216 | Orc:2    | Upgraded the game from 0.32-a0-120-gfac0567ad4 to
                  | 0.32-a0-128-g77eb882913
 33357 | Orc:2    | Offered knowledge of Ozocubu's Refrigeration by Vehumet.
 33485 | Orc:2    | Found a staircase to the Elven Halls.
 33556 | Orc:2    | Found Keil's Book Shoppe.
 33556 | Orc:2    | Killed from afar by an orc high priest

Illustrated notes

Levels and vault maps discovered:
D:1:      scummos_arrival_gate, layout_basic
D:2:      layout_rooms, uniq_natasha, uniq_robin
D:3:      layout_basic, jmf_multi_god_temple2,
          dreamdust_ecumenical_altar_angels_and_demons, minmay_surrounded,
          uniq_ijyb
D:4:      nicolae_cairo_tiling_very_big, layout_basic, minmay_misc_feat_roman,
          minmay_cupped, uniq_menkaure
D:5:      layout_loops_ring, serial_glass, glass_columns_a, glass_columns_a,
          glass_columns_a, glass_columns_c, glass_columns_c, glass_columns_c,
          glass_columns_c, glass_columns_a
D:6:      wander_guarded_unrand_ratskin, layout_rooms,
          minmay_temple_entry_stoned_glass, gammafunk_ghost_gnarly_gnolls,
          kennysheep_small_square, uniq_grinder
D:7:      layout_cave_pools, serial_rivers, chequers_serial_rivers_large_a,
          chequers_serial_rivers_room_a, chequers_serial_rivers_room_a,
          chequers_serial_rivers_micro_b, chequers_serial_rivers_micro_a
D:8:      cheibrodos_quashed, layout_cave_pools
D:9:      layout_roguey, mainiacjoe_overflow_concentric_impassable, uniq_grum,
          uniq_maggie, uniq_psyche, uniq_erica
D:10:     layout_loops_ring
D:11:     layout_grid_maze, david_lair_shrubbed, david_orc_2, serial_shops,
          nicolae_shop_pleasant_corner_grove
D:12:     layout_big_octagon, regret_index_xom_buried_treasure,
          okawaru_ov_weapons_minmay
D:13:     layout_grid_maze, chequers_serial_rivers_small_a, minivault_16
Temple:   hellmonk_temple_of_storms
Lair:1:   gammafunk_indiana_jones, layout_loops_ring, serial_bayou_shore_a,
          lemuel_fruit_fields, uniq_amaemon
Lair:2:   layout_cave_pods, minmay_snake_entry_six_corridors, grunt_megastairs_2
Orc:1:    layout_caves, serial_shops, nicolae_lakefront_shop
Orc:2:    pubby_orc_utopia

Skill      XL: |  1  2  3  4  5  6  7  8  9 10 11 12 13 |
---------------+----------------------------------------+-----
Stealth        | 2 3 4 6 7 8 10 11 | 11.6
Dodging        | 2 3 4 5 6 8 9 10 | 10.7
Spellcasting   | 3 4 5 6 8 9 10 | 10.7
Conjurations   | 5 6 7 8 9 10 11 12 | 12.1

Action                     |  1- 3 |  4- 6 |  7- 9 | 10-12 | 13-15 || total
---------------------------+-------+-------+-------+-------+-------++-------
  Melee: Unarmed           |     9 |     3 |     6 |     8 |       ||    26
         Tailslap          |     1 |       |     3 |     5 |       ||     9
         Punch             |       |       |       |     1 |       ||     1
   Cast: Magic Dart        |    58 |    75 |   208 |   180 |    35 ||   556
         Searing Ray       |     4 |    24 |    72 |   207 |    33 ||   340
         Fulminant Prism   |       |       |     7 |    89 |     8 ||   104
         Mercury Vapours   |       |       |     2 |       |       ||     2
         Arcjolt           |       |       |       |     7 |       ||     7
         Irradiate         |       |       |       |       |     1 ||     1
Ability: Breathe Acid      |       |       |    17 |    12 |       ||    29
    Use: Scroll            |     1 |     4 |     5 |    11 |     1 ||    22
         Potion            |     1 |     1 |     3 |     3 |       ||     8
 Armour: Skin              |    49 |    37 |   152 |   325 |    44 ||   607
  Dodge: Dodged            |    52 |    32 |   172 |   656 |    66 ||   978

Table legend: (Time is in decaauts)
 A = Elapsed time spent in this place.
 B = Non-inter-level travel time spent in this place.
 C = Inter-level travel time spent in this place.
 D = Time resting spent in this place.
 E = Time spent auto-exploring this place.
 F = Levels seen in this place.
 G = Mean time per level.
                   A        B        C        D        E       F      G
               +--------+--------+--------+--------+--------+-----+--------+
         Total |  33608 |  31724 |   1884 |  19242 |   8737 |  18 | 1867.1 |
       Dungeon |  25561 |  23755 |   1806 |  13795 |   7140 |  13 | 1966.2 |
        Temple |   1481 |   1481 |      0 |   1438 |      0 |   1 | 1481.0 |
          Lair |   2006 |   1954 |     52 |   1060 |    675 |   2 | 1003.0 |
  Orcish Mines |   4558 |   4532 |     26 |   2949 |    922 |   2 | 2279.0 |
               +--------+--------+--------+--------+--------+-----+--------+

Top non-repeatable levels by time:
    D:11: 4965 daAuts
     D:6: 4169 daAuts
   Orc:2: 3565 daAuts
     D:1: 2386 daAuts
     D:3: 2307 daAuts
  Lair:1: 2003 daAuts
     D:9: 1763 daAuts
     D:7: 1614 daAuts
    D:10: 1561 daAuts
     D:4: 1498 daAuts
  Temple: 1481 daAuts
     D:5: 1412 daAuts
     D:8: 1411 daAuts
     D:2: 1284 daAuts
   Orc:1: 993 daAuts
